[Event "Early-Titled-Tuesday-Blitz-September-12-2023"]
[Site "Chess.com"]
[Date "2023.09.12"]
[Round "5"]
[White "ljuks68"]
[Black "MKlose11"]
[Result "0-1"]
[WhiteElo "2448"]
[BlackElo "2621"]
[TimeControl "180+1"]
[EndTime "8:54:52 PDT"]
[Termination "MKlose11 won on time"]

1. e4 e6 2. d4 d5 3. Nc3 Nf6 4. Bg5 Be7 5. e5 Nfd7 6. h4 a6 7. Qg4 h5 8. Bxe7 hxg4 9. Bxd8 Kxd8 10. Be2 f5 11. f3 gxf3 12. Nxf3 c5 13. dxc5 Nc6 14. O-O-O Ke7 15. Na4 Ndxe5 16. Nxe5 Nxe5 17. Nb6 Rb8 18. Bf3 Nd7 19. Rhe1 Nxb6 20. cxb6 Kf6 21. c4 Rxh4 22. cxd5 e5 23. d6 Bd7 24. Rf1 Rb4 25. Kb1 Rxb6 26. g4 g6 27. gxf5 gxf5 28. Rh1 Rg8 29. Rh7 Rg7 30. Rh6+ Kg5 31. Rh8 Kf4 32. Be2 e4 33. Bc4 Rg6 34. Rh7 Rgxd6 35. Rxd7 Rxd1+ 36. Rxd1 Kg3 37. Kc2 Rc6 38. Kb3 f4 39. Rd7 e3 40.
Rxb7 Kf2 41. Rf7 Kg3 0-1

[Event "Early-Titled-Tuesday-Blitz-September-12-2023"]
[Site "Chess.com"]
[Date "2023.09.12"]
[Round "5"]
[White "Alexandr_Predke"]
[Black "amintabatabaei"]
[Result "0-1"]
[WhiteElo "2882"]
[BlackElo "3051"]
[TimeControl "180+1"]
[EndTime "8:54:53 PDT"]
[Termination "amintabatabaei won on time"]

1. Nf3 d5 2. g3 Nf6 3. Bg2 c6 4. O-O Bg4 5. h3 Bxf3 6. Bxf3 e5 7. d4 Nbd7 8. c4 dxc4 9. Nd2 exd4 10. Nxc4 Bc5 11. Bd2 O-O 12. b4 Be7 13. a4 Nb6 14. Na5 Qd7 15. Bg2 Rad8 16. b5 Nbd5 17. bxc6 bxc6 18.
Qc2 c5 19. Rab1 Rb8 20. Qc4 h6 21. Rb5 a6 22. Rbb1 Rfc8 23. Rfc1 Bf8 24. Kh2 Qe6 25. Rxb8 Rxb8 26. Nb3 Nc3 27. Qxe6 fxe6 28. Na5 Nxe2 29. Re1 d3 30. Bf3 Rb2 31. Rd1 Nd4 32. Bb7 Nd5 33. Kg2 Nb4 34. Bxb4 Rxb4 35. Bxa6 Rxa4 0-1

[Event "Early-Titled-Tuesday-Blitz-September-12-2023"]
[Site "Chess.com"]
[Date "2023.09.12"]
[Round "5"]
[White "Eloist"]
[Black "grzechu96"]
[Result "1-0"]
[WhiteElo "2489"]
[BlackElo "2655"]
[TimeControl "180+1"]
[EndTime "8:54:55 PDT"]
[Termination "Eloist won on time"]

1. e4 c5 2. Nf3 e6 3. d4 cxd4 4. Nxd4 Nc6 5. Nc3 Qc7 6. Be3 a6 7. Bd3 b5 8. Nxc6 Qxc6 9. O-O Bb7 10. a3 Nf6 11. Qe2 Be7 12. f4 Bc5 13. Bxc5 Qxc5+ 14. Kh1 d6 15. e5 dxe5 16. fxe5 Nd7 17. Be4 Bxe4 18. Qxe4 O-O 19. Rae1 Rad8 20. Rf3 g6 21. h3 Kg7 22. Qf4 Qc7 23. Qg3 Qb8 24. Rfe3 a5 25.
Qf4 b4 26. axb4 axb4 27. Nd1 Rc8 28. R3e2 Qb5 29. Nf2 Rc5 30. Ng4 h6 31. Qxh6+ Kg8 32.
Nf6+ Nxf6 33. exf6 1-0

[Event "Early-Titled-Tuesday-Blitz-September-12-2023"]
[Site "Chess.com"]
[Date "2023.09.12"]
[Round "5"]
[White "zano2023"]
[Black "gaby_przz"]
[Result "0-1"]
[WhiteElo "2079"]
[BlackElo "2408"]
[TimeControl "180+1"]
[EndTime "8:54:56 PDT"]
[Termination "gaby_przz won by resignation"]

1. d4 Nf6 2. Nd2 d5 3. Ngf3 e6 4. e3 c5 5. c3 Nc6 6. Bd3 Be7 7. O-O O-O 8. dxc5 Bxc5 9. e4 e5 10. Qe2 Re8 11. b4 Bb6 12. a4 d4 13. Bb2 Bg4 14.
h3 dxc3 15. Bxc3 Bd4 16. hxg4 Bxc3 17. Rac1 Bxb4 18. Bb5 Bxd2 19. Qxd2 Nxe4 20. Qe3 Nf6 21. g5 Nd5 22. Qe4 Ndb4 23. Rfd1 Qe7 24. Rxc6 bxc6 25. Bc4 Qc5 26. Rc1 Qd6 27. a5 Nd5 28. Nh4 g6 29. Nf3 Rad8 30. a6 Qa3 31. Kh2 Qxc1 32. Nxe5 Qf4+ 33. Qxf4 Nxf4 34. Ng4 Kg7 35. Nf6 Re7 36. g3 Nd5 37. f4 Nxf6 0-1

[Event "Early-Titled-Tuesday-Blitz-September-12-2023"]
[Site "Chess.com"]
[Date "2023.09.12"]
[Round "5"]
[White "Rickstereo"]
[Black "Aradhya2000"]
[Result "0-1"]
[WhiteElo "2472"]
[BlackElo "2699"]
[TimeControl "180+1"]
[EndTime "8:54:57 PDT"]
[Termination "Aradhya2000 won by resignation"]

1. Nf3 Nf6 2. g3 g6 3. b4 Bg7 4. Bb2 b6 5. c4 Bb7 6. Bg2 d6 7. O-O e5 8. d3 O-O 9. c5 bxc5 10. bxc5 Na6 11. cxd6 cxd6 12. Nbd2 Re8 13. Ba3 e4 14. dxe4 Nxe4 15. Nxe4 Bxe4 16. Rc1 Qa5 17. Bxd6 Rad8 18. Rc4 Qb6 19. Qa4 Bd5 20. Ba3 Bxc4 21. Qxc4 Qe6 22. Qa4 Qxe2 23. Re1 Qxe1+ 24. Nxe1 Rxe1+ 25. Bf1 Nc7 26. Kg2 Rd2 27. Bb4 Re4 28. Qxa7 Rxb4 29. Qxc7 Rbb2 30. Bc4 Rxf2+ 31. Kh3 Bf8 32. Kg4 h5+ 33. Kg5 Rf5+ 0-1

[Event "Early-Titled-Tuesday-Blitz-September-12-2023"]
[Site "Chess.com"]
[Date "2023.09.12"]
[Round "5"]
[White "bardiya_Daneshvar"]
[Black "Hikaru"]
[Result "1-0"]
[WhiteElo "2956"]
[BlackElo "3239"]
[TimeControl "180+1"]
[EndTime "8:54:58 PDT"]
[Termination "bardiya_Daneshvar won by resignation"]

1. Nf3 g6 2. d4 d6 3. c4 Bg7 4. Nc3 Nc6 5. d5 Ne5 6. Nxe5 Bxe5 7. e4 Nf6 8. Bd3 e6 9. O-O Nd7 10. f4 Bg7 11. dxe6 fxe6 12. Be3 O-O 13. Qd2 b6 14.
Rad1 Bb7 15. Bc2 Bc6 16. b4 Qh4 17. Nb5 Bxb5 18. cxb5 Rae8 19. Bb3 Kh8 20. Rc1 Nf6 21. Rxc7 Nxe4 22. Qe1 Qd8 23. Rxa7 d5 24. Rb7 d4 25. Bc1 Nd6 26. Rxg7 Kxg7 27. Qe5+ Rf6 28. Bb2 Nf7 29. Qxd4 Qxd4+ 30. Bxd4 e5 31. fxe5 Rxf1+ 32. Kxf1 Nxe5 33. Bd1 Kf7 34. Bxb6 Nd3 35. Be2 Nxb4 36.
a4 Ke6 37. a5 Nd5 38. Bf2 Nc3 39. a6 Kd6 40. Bf3 Nxb5 41. a7 Nc7 42. Bg3+ Kc5 43. Bxc7 Re3 44. a8=Q Rb3 45. Qc6+ Kb4 46. Qd5 Kc3 47.
Be5+ Kb4 48. Qd4+ 1-0

[Event "Early-Titled-Tuesday-Blitz-September-12-2023"]
[Site "Chess.com"]
[Date "2023.09.12"]
[Round "5"]
[White "artooon"]
[Black "iwanyu"]
[Result "1-0"]
[WhiteElo "3046"]
[BlackElo "2694"]
[TimeControl "180+1"]
[EndTime "8:54:58 PDT"]
[Termination "artooon won on time"]

1. e4 e5 2. Nf3 Nc6 3. Bc4 Nf6 4. Ng5 d5 5. exd5 Na5 6. Bb5+ Bd7 7. Qe2 Be7 8. Nf3 O-O 9. Bxd7 Qxd7 10. Nxe5 Qxd5 11. Nf3 Rae8 12. O-O Bd6 13. Qd1 c5 14. d3 h6 15. Nc3 Qh5 16. h3 Nc6 17. Nd2 Qe5 18. g3 Qf5 19. Kg2 Nd4 20. Nb3 h5 21. Be3 Qe5 22. Bf4 Qe6 23. Bg5 h4 24. Bxh4 Nd5 25.
Nxd4 cxd4 26. Nxd5 Qxd5+ 27. Qf3 Qxf3+ 28. Kxf3 Rc8 29. Rac1 Rc5 30. g4 Rfc8 31. Rfe1 Rxc2 32. Rxc2 Rxc2 33. Re2 Rc8 34. Bg3 Bf8 35. a4 f6 36. h4 Kf7 37. g5 fxg5 38. hxg5 Rc1 39. Ke4 1-0

[Event "Early-Titled-Tuesday-Blitz-September-12-2023"]
[Site "Chess.com"]
[Date "2023.09.12"]
[Round "5"]
[White "Murad_Ibrahimli"]
[Black "djano"]
[Result "0-1"]
[WhiteElo "2884"]
[BlackElo "2646"]
[TimeControl "180+1"]
[EndTime "8:54:58 PDT"]
[Termination "djano won by resignation"]

1. d4 d5 2. c4 e6 3. Nc3 c5 4. cxd5 exd5 5. Nf3 Nc6 6. g3 Nf6 7. Bg2 Be7 8. O-O O-O 9. dxc5 Bxc5 10. Bg5 d4 11.
Bxf6 Qxf6 12. Nd5 Qd8 13. Nd2 Re8 14. Rc1 Bf8 15. Nf4 Qa5 16. a3 Bd7 17. Nc4 Qd8 18.
Qb3 Rb8 19. Bf3 b5 20. Nd2 Ne5 21. Bd5 Bf5 22. Nf3 Qf6 23. Nxd4 Bd7 24. Nf3 Nc4 25. Rfd1 Bg4 26. Kg2 g6 27. h3 Bf5 28. e4 Bxe4 29.
Bxe4 Rxe4 30. Nd5 Qd8 31. Nc3 Qe8 32. Nxe4 Qxe4 33. Rd4 Qa8 34. Re1 Bg7 35. Rf4 Bxb2 36. Kh2 Bxa3 37. Rxc4 bxc4 38. Qxa3 Rb3 39. Qa4 Qxf3 40.
Kg1 Rb2 41. Rf1 c3 42. Qxa7 c2 43. Qa1 Qb3 44. Qa8+ Kg7 45. Qd8 Qc3 0-1

[Event "Early-Titled-Tuesday-Blitz-September-12-2023"]
[Site "Chess.com"]
[Date "2023.09.12"]
[Round "5"]
[White "Iball95"]
[Black "YEIKO2017"]
[Result "1-0"]
[WhiteElo "2778"]
[BlackElo "2513"]
[TimeControl "180+1"]
[EndTime "8:54:58 PDT"]
[Termination "Iball95 won by resignation"]

1. e4 c5 2. Nf3 d6 3. Nc3 Nf6 4.
d4 cxd4 5. Qxd4 Nc6 6. Bb5 Bd7 7. Bxc6 Bxc6 8. Bg5 e6 9. O-O-O Be7 10. Rhe1 h6 11. Bxf6 Bxf6 12. Qxd6 Qxd6 13. Rxd6 Bxc3 14. bxc3 Ke7 15.
Rd3 Rhc8 16. Kb2 f6 17. Nd4 Bd7 18. Red1 Rc7 19. f3 Rac8 20. h4 h5 21. R1d2 g6 22. g3 a6 23. a3 e5 24. Ne2 Bb5 25.
Re3 a5 26. Nc1 Bd7 27. Nb3 b6 28. f4 Be6 29. Nc1 Rc4 30. Rde2 b5 31. Nb3 b4 32. cxb4 axb4 33. a4 Ra8 34. fxe5 fxe5 35. a5 Rc7 36. Rd2 Rc6 37. Red3 Rac8 38. Nc1 Ra6 39. Nb3 Rc4 40. Re3 Rac6 41. Rf2 Rc3 42. Rxc3 Rxc3 43. Rf1 Bc4 44. Ra1 Ba6 45. Rg1 Kd6 46. g4 Re3 47. gxh5 Kc7 48.
hxg6 1-0

[Event "Early-Titled-Tuesday-Blitz-September-12-2023"]
[Site "Chess.com"]
[Date "2023.09.12"]
[Round "5"]
[White "RebecaJimnz"]
[Black "Inepton_Fermion"]
[Result "0-1"]
[WhiteElo "2201"]
[BlackElo "2369"]
[TimeControl "180+1"]
[EndTime "8:54:58 PDT"]
[Termination "Inepton_Fermion won on time"]

1. e4 g6 2. d4 Bg7 3. Nf3 d6 4. Nc3 a6 5. Be3 b5 6. Qd2 Bb7 7. Bd3 Nd7 8. O-O c5 9. dxc5 Nxc5 10. Bd4 Nf6 11. Rfe1 Nxd3 12. Qxd3 O-O 13. Rad1 Qc7 14. e5 Ne8 15. exd6 Nxd6 16. Bxg7 Kxg7 17. Nd5 Bxd5 18. Qxd5 Qxc2 19. Rxe7 Nf5 20. Qe5+ Kg8 21. Red7 Rae8 22. Qd5 Qxb2 23. g4 Nh6 24. h3 Kg7 25. Nd4 Kg8 26.
Nc6 Qf6 27. Nd4 Qe5 28. Qb7 Qe4 29. Qxe4 Rxe4 30. Nc6 Rfe8 31. Ra7 R4e6 0-1

[Event "Early-Titled-Tuesday-Blitz-September-12-2023"]
[Site "Chess.com"]
[Date "2023.09.12"]
[Round "5"]
[White "Masterbeaterr"]
[Black "JaloliddinIlkhomi"]
[Result "1/2-1/2"]
[WhiteElo "2396"]
[BlackElo "2611"]
[TimeControl "180+1"]
[EndTime "8:54:59 PDT"]
[Termination "Game drawn by repetition"]

1. d4 Nf6 2. c4 e6 3. Nf3 b6 4.
g3 Bb7 5. Bg2 Be7 6. O-O O-O 7.
d5 exd5 8. Nh4 c6 9. cxd5 Nxd5 10. Nf5 Bf6 11. e4 Nc7 12. Nc3 d5 13. exd5 Nxd5 14. Nxd5 cxd5 15. Bf4 Qd7 16. Bh3 Qd8 17. Re1 Bc8 18.
Rc1 Be6 19. Qd3 Nd7 20. Bg2 Nc5 21. Qb1 Qd7 22. Ne3 Rac8 23. h4 d4 24. Red1 Rfd8 25. Nc4 Bd5 26. Nd6 Bxg2 27. Kxg2 Rc6 28. Nf5 d3 29.
Ne3 Ne4 30. Rxc6 Qxc6 31. f3 Nc5 32. b4 Ne6 33. Rxd3 Nxf4+ 34. gxf4 Bxh4 35. Nf5 Rxd3 36. Qxd3 Bf6 37. b5 Qe6 38. Ne3 Qxa2+ 39. Kg3 Qe6 40. Nd5 h5 41. f5 Qe5+ 42. f4 Qa1 43. Qe4 Qg1+ 44. Kh3 Qf1+ 45. Kh2 Qf2+ 46. Kh3 Qh4+ 47. Kg2 Qg4+ 48. Kh2 h4 49. Qe8+ Kh7 50. Nxf6+ gxf6 51. Qxf7+ Qg7 52. Qh5+ Qh6 53. Qf7+ Kh8 54. Qe8+ Kg7 55. Qe7+ Kg8 56. Qe8+ Qf8 57. Qg6+ Qg7 58. Qe8+ Kh7 59. Qh5+ Kg8 60. Qe8+ Qf8 61. Qg6+ Kh8 62. Qh5+ Kg7 63.
Qg6+ Kh8 64. Qh5+ Kg8 65. Qg6+ 1/2-1/2

[Event "Early-Titled-Tuesday-Blitz-September-12-2023"]
[Site "Chess.com"]
[Date "2023.09.12"]
[Round "5"]
[White "esrosenberg"]
[Black "IwkooO"]
[Result "0-1"]
[WhiteElo "2361"]
[BlackElo "2632"]
[TimeControl "180+1"]
[EndTime "8:54:59 PDT"]
[Termination "IwkooO won by resignation"]

1. d4 Nf6 2. Nf3 e6 3. c4 d5 4. Nc3 Be7 5. Bg5 h6 6. Bf4 O-O 7. e3 c5 8. a3 Nc6 9. dxc5 dxc4 10. Bxc4 Bxc5 11. Qc2 a6 12. Rd1 Qe7 13. O-O Rd8 14. b4 Bb6 15. Na4 Bc7 16. Ba2 e5 17. Bg3 Bg4 18. Rxd8+ Rxd8 19. Nd2 Bb8 20. Nc5 Rc8 21. Nde4 Nh5 22. f3 Bf5 23. Qc4 Nxg3 24. Nxg3 Bg6 25. e4 Nd4 26. Qd5 Ba7 27. Rc1 Kh7 28. Kh1 Qg5 29. Rd1 Rc7 30. Nf5 Bxf5 31. exf5 Bxc5 32. bxc5 Re7 33. f6 Qxf6 34. Bb1+ g6 35. Re1 Qc6 36. Qc4 b6 37. Rxe5 Rd7 38. Re4 Qxc5 39. Qxc5 bxc5 40.
h4 Nf5 41. h5 Ng3+ 42. Kh2 Nxe4 43. Bxe4 a5 0-1

[Event "Early-Titled-Tuesday-Blitz-September-12-2023"]
[Site "Chess.com"]
[Date "2023.09.12"]
[Round "5"]
[White "UmarovSabir"]
[Black "malakismayil"]
[Result "0-1"]
[WhiteElo "2308"]
[BlackElo "2518"]
[TimeControl "180+1"]
[EndTime "8:54:59 PDT"]
[Termination "malakismayil won on time"]

1. e4 e5 2. Nf3 Nc6 3. Bc4 Bc5 4. b4 Bxb4 5. c3 Bd6 6. d4 Nf6 7. O-O O-O 8. Nbd2 h6 9. Re1 Re8 10. a4 b6 11. Ba2 a5 12. Nc4 Ba6 13. Nxd6 cxd6 14.
dxe5 dxe5 15. h3 Rc8 16. Rb1 Bb7 17. Qb3 Re7 18. Qxb6 Rc7 19. Ba3 d6 20. Red1 Ne8 21.
Qe3 Red7 22. c4 Nf6 23. c5 dxc5 24. Rxd7 Rxd7 25. Bxc5 Rd3 26. Qe2 Ba6 27. Qc2 Nxe4 28. Ba3 Rxa3 29. Bd5 Nb4 30. Qxe4 Qxd5 31. Qf5 Bd3 32.
Qc8+ Kh7 33. Re1 e4 34. Nh4 Qe6 35. Qxe6 fxe6 36. g3 Rxa4 37. Ng2 Nc2 38. Nf4 Nxe1 0-1

[Event "Early-Titled-Tuesday-Blitz-September-12-2023"]
[Site "Chess.com"]
[Date "2023.09.12"]
[Round "5"]
[White "BeautiFullMindChess"]
[Black "Akylbek2021"]
[Result "0-1"]
[WhiteElo "2178"]
[BlackElo "2306"]
[TimeControl "180+1"]
[EndTime "8:54:59 PDT"]
[Termination "Akylbek2021 won on time"]

1. e4 e6 2. d4 d5 3. Nd2 c5 4. exd5 Qxd5 5. Ngf3 cxd4 6. Bc4 Qd7 7. O-O Nc6 8. Nb3 Nf6 9. Qe2 Be7 10. Re1 O-O 11. Bg5 a6 12. a4 h6 13. Bh4 Rd8 14. Rad1 Qc7 15. Nbxd4 Nxd4 16. Nxd4 b6 17. Bg3 Qc5 18. c3 Nd5 19. Bxd5 Rxd5 20. b4 Qxc3 21. Nf3 Bb7 22.
Rc1 Qxb4 23. Rc7 Bc8 24. Ne5 Rb8 25. h3 a5 26. Nc6 Qxa4 27. Nxe7+ Kh7 28. Nxd5 exd5 29.
Rxf7 Ra8 0-1

[Event "Early-Titled-Tuesday-Blitz-September-12-2023"]
[Site "Chess.com"]
[Date "2023.09.12"]
[Round "5"]
[White "Russian_berezka"]
[Black "LuisFSiles"]
[Result "0-1"]
[WhiteElo "2604"]
[BlackElo "2389"]
[TimeControl "180+1"]
[EndTime "8:55:00 PDT"]
[Termination "LuisFSiles won on time"]

1. d4 Nf6 2. c4 g6 3. Nc3 Bg7 4. e4 d6 5. Be2 O-O 6. Nf3 c5 7. d5 e6 8. O-O exd5 9. exd5 Bg4 10. h3 Bxf3 11. Bxf3 a6 12. a4 b6 13. Bg5 h6 14.
Bf4 Ne8 15. Qd2 g5 16. Bh2 Nd7 17. Rae1 Ne5 18. Be2 f5 19. f4 gxf4 20. Rxf4 Qg5 21. Qc2 Ra7 22. Ref1 Raf7 23. Nd1 Ng6 24. R4f3 f4 25.
Kh1 Nh4 26. Bd3 Nxf3 27. Rxf3 Be5 28. Nf2 Nf6 29. Qd2 Rg7 30. Ne4 Nxe4 31. Bxe4 Rgf7 32.
b3 Bd4 33. Qe1 Re7 34. Qe2 Rfe8 35. Rxf4 Rxe4 36. Rxe4 Qc1+ 0-1

[Event "Early-Titled-Tuesday-Blitz-September-12-2023"]
[Site "Chess.com"]
[Date "2023.09.12"]
[Round "5"]
[White "LeoLV10"]
[Black "kingofthenil"]
[Result "0-1"]
[WhiteElo "2496"]
[BlackElo "2747"]
[TimeControl "180+1"]
[EndTime "8:55:00 PDT"]
[Termination "kingofthenil won by resignation"]

1. e4 Nc6 2. d4 d5 3. e5 Bf5 4. Nf3 e6 5. c3 f6 6. exf6 Nxf6 7.
Bd3 Bd6 8. O-O O-O 9. Re1 Ne4 10. a3 Qf6 11. Qc2 e5 12. Be3 Rae8 13. Nbd2 Nxd2 14.
Nxd2 e4 15. Bf1 Ne7 16. c4 c6 17. b4 Ng6 18. g3 h5 19. Qb3 Be6 20. b5 h4 21. Bg2 Ne7 22. c5 Bb8 23. Nf1 Nf5 24. Ra2 Nxd4 25. Bxd4 Qxd4 26. bxc6 bxc6 27. Ne3 h3 28.
Bf1 Qxc5 29. Rc2 Qa5 30. Qb1 c5 31. Rec1 c4 32. Rd1 Be5 33. Rcd2 Rd8 34. Qb7 Qc5 35. a4 c3 36. Rc2 d4 37. Qb1 dxe3 38. fxe3 Qxe3+ 39. Kh1 Rxd1 40. Qc1 Qf3+ 41. Kg1 Bd4+ 0-1

[Event "Early-Titled-Tuesday-Blitz-September-12-2023"]
[Site "Chess.com"]
[Date "2023.09.12"]
[Round "5"]
[White "Juicy_Fork"]
[Black "Saif_Malek04"]
[Result "1-0"]
[WhiteElo "2468"]
[BlackElo "2606"]
[TimeControl "180+1"]
[EndTime "8:55:00 PDT"]
[Termination "Juicy_Fork won by checkmate"]

1. e4 e5 2. Nf3 Nc6 3. Bb5 a6 4. Ba4 Nf6 5. O-O Be7 6. Re1 b5 7. Bb3 O-O 8. a4 Rb8 9. axb5 axb5 10. d3 d6 11. h3 Be6 12. Bxe6 fxe6 13. Nbd2 Qe8 14.
Nf1 Qg6 15. Ng3 h6 16. d4 exd4 17. Nxd4 Nxd4 18. Qxd4 e5 19. Qd3 Nh5 20. Nf5 Bg5 21. Ra7 Rf7 22. Qd5 Kh7 23. Bxg5 hxg5 24. g3 Nf6 25.
Qd3 d5 26. f3 g4 27. hxg4 dxe4 28. fxe4 Qxg4 29. Kg2 Kg8 30. Qb3 Nxe4 31. Rxc7 Rf8 32. Ne7+ Kh7 33. Rh1+ Qh3+ 34. Rxh3# 1-0

[Event "Early-Titled-Tuesday-Blitz-September-12-2023"]
[Site "Chess.com"]
[Date "2023.09.12"]
[Round "5"]
[White "Francisco_Ferrari"]
[Black "Aash20"]
[Result "1-0"]
[WhiteElo "2194"]
[BlackElo "2511"]
[TimeControl "180+1"]
[EndTime "8:55:00 PDT"]
[Termination "Francisco_Ferrari won by resignation"]

1. c4 e5 2. Nc3 Nf6 3. Nf3 Nc6 4. e4 Bc5 5. Nxe5 Nxe5 6. d4 Bd6 7. c5 Bxc5 8. dxe5 Ng8 9. Bc4 Qe7 10. Nd5 Bb4+ 11. Kf1 Qc5 12. Qb3 Ba5 13. Be3 Qf8 14. Qa4 Bb6 15.
Bxb6 cxb6 16. Nc7+ Kd8 17. Nxa8 Qc5 18. Qb5 Ne7 19.
Qxc5 bxc5 20. Rd1 Rf8 21. f4 Nc6 22. Bd5 Nd4 23. Kf2 f6 24. exf6 Rxf6 25. g3 g5 26. f5 d6 27. Rxd4 cxd4 28. Rc1 Bxf5 29. exf5 Rxf5+ 30. Bf3 g4 31. Nc7 Rxf3+ 32. Ke2 d3+ 33. Kd2 Rf2+ 34. Kxd3 Rxh2 35. Ne6+ Kd7 36. Nf4 Rf2 37.
Ke4 Rxb2 38. Rh1 Rxa2 39. Rxh7+ Kc6 40. Ne6 Re2+ 41. Kf5 Re5+ 42. Kf6 Re3 43. Nd8+ Kc5 44. Nxb7+ Kc6 45. Nd8+ Kc5 46. Rxa7 Rxg3 47. Kf5 Rg1 48. Ne6+ Kb6 49. Rg7 g3 50. Nf4 Kc5 51. Rg5 Kc4 52. Ke4 Re1+ 53. Kf3 Rf1+ 54. Ke4 Rg1 55. Rg4 Kc3 56.
Ne2+ Kd2 57. Nxg1 d5+ 58. Kxd5 Ke3 59. Rxg3+ Kf2 60. Rg7 1-0

[Event "Early-Titled-Tuesday-Blitz-September-12-2023"]
[Site "Chess.com"]
[Date "2023.09.12"]
[Round "5"]
[White "Arek_pacitan"]
[Black "HeinichessPY"]
[Result "1-0"]
[WhiteElo "2600"]
[BlackElo "2340"]
[TimeControl "180+1"]
[EndTime "8:55:01 PDT"]
[Termination "Arek_pacitan won by resignation"]

1. e4 e5 2. Nf3 Nc6 3. Bb5 a6 4. Ba4 Nf6 5. O-O Be7 6. d3 b5 7.
Bb3 O-O 8. a4 Rb8 9. Nc3 d6 10.
h3 h6 11. axb5 axb5 12. Nd5 Nxd5 13. Bxd5 Bb7 14. c3 Qd7 15. Be3 Nd8 16. Bxb7 Rxb7 17.
Nd2 Bg5 18. Bxg5 hxg5 19. Qh5 Ne6 20. Nf3 f6 21. g3 Qf7 22. Qxf7+ Rxf7 23. b4 c5 24. Ra6 Rfd7 25. Rfa1 Kf7 26. Rc6 cxb4 27. cxb4 Nd4 28. Nxd4 exd4 29. Raa6 Ke6 30. Kg2 g6 31. f4 gxf4 32. gxf4 Ra7 33. Rxd6+ Rxd6 34. Rxa7 f5 35. e5 Rc6 36. Rb7 Rc3 37. Rb6+ Kf7 38. Rb7+ Ke6 39.
Rxb5 Rxd3 40. Rb6+ Kd5 41. Rxg6 Ke4 42. e6 Kxf4 43.
e7 Re3 44. Rd6 Re2+ 45. Kf1 Rxe7 46. Rxd4+ Kf3 47. Rd3+ Kf4 48. b5 Ke4 49. Rb3 Rb7 50.
Kf2 Rb6 51. Rb4+ Ke5 52. Kf3 f4 53. Re4+ Kd5 54. Rxf4 Rh6 55. h4 Kc5 56. Rf5+ Kb6 57. h5 Rh8 58. Kf4 Rg8 59. h6 Rg1 60. Rh5 Rg8 61.
h7 Rf8+ 62. Kg5 Rh8 63. Kg6 Ra8 64. h8=Q Rxh8 65. Rxh8 Kxb5 66. Kf5 1-0

[Event "Early-Titled-Tuesday-Blitz-September-12-2023"]
[Site "Chess.com"]
[Date "2023.09.12"]
[Round "5"]
[White "DanyKopy"]
[Black "WaybackBoy"]
[Result "1-0"]
[WhiteElo "2507"]
[BlackElo "2692"]
[TimeControl "180+1"]
[EndTime "8:55:03 PDT"]
[Termination "DanyKopy won on time"]

1. d4 Nf6 2. Nf3 g6 3. Nbd2 Bg7 4. e4 d6 5. Bc4 O-O 6. O-O Nxe4 7. Nxe4 d5 8. Bd3 dxe4 9. Bxe4 Nd7 10. c3 Nf6 11. Bc2 c6 12. h3 Qa5 13. Re1 Re8 14. Ne5 Be6 15. Bb3 Bd5 16. Bd2 Qb6 17. c4 Be6 18. c5 Bxb3 19. axb3 Qc7 20. Bf4 Nd5 21. Bg3 Qc8 22.
Qf3 Rf8 23. Re4 a6 24. Nc4 Qf5 25. Qe2 Rad8 26. Re1 Bf6 27. Be5 Rd7 28. Nb6 Nxb6 29. cxb6 Bxe5 30. Rxe5 Qf6 31. Rxe7 Qxd4 32. Rxd7 Qxd7 33.
Qe7 Qd2 34. Re3 Qc1+ 35. Kh2 Qxb2 36. Rf3 Qd4 37. Qxb7 Qe5+ 38. g3 Qd5 39. Kg2 Rd8 40. Qxa6 Rb8 41. Qa7 Rd8 42. b7 1-0

[Event "Early-Titled-Tuesday-Blitz-September-12-2023"]
[Site "Chess.com"]
[Date "2023.09.12"]
[Round "5"]
[White "AniJak"]
[Black "AliKa2810"]
[Result "0-1"]
[WhiteElo "2395"]
[BlackElo "2577"]
[TimeControl "180+1"]
[EndTime "8:55:03 PDT"]
[Termination "AliKa2810 won on time"]

1. e4 c5 2. Nc3 Nc6 3. g3 g6 4. Bg2 Bg7 5. d3 e6 6. Be3 b6 7. Qd2 Nge7 8. Bh6 O-O 9. h4 Nd4 10. Bxg7 Kxg7 11. h5 Ng8 12. e5 Rb8 13. Ne4 Bb7 14. c3 Bxe4 15. Bxe4 Nc6 16. f4 d5 17.
exd6 Qxd6 18. hxg6 fxg6 19. Qg2 Rbc8 20. Nf3 e5 21. Bxc6 Qxc6 22. O-O-O exf4 23. gxf4 Rxf4 24. Rh3 Qf6 25. Ng5 h6 26. Ne4 Qe6 27. Rg1 Rcf8 28.
Rg3 Ne7 29. Qh2 Qxa2 30. c4 Rf1+ 31. Kc2 Qb1+ 32. Kc3 Qc1+ 33. Kb3 Qd1+ 34. Kc3 b5 35. Rxg6+ Nxg6 36. Qe5+ Kh7 37. Qc7+ R8f7 38. Nf6+ Rxf6 0-1

[Event "Early-Titled-Tuesday-Blitz-September-12-2023"]
[Site "Chess.com"]
[Date "2023.09.12"]
[Round "5"]
[White "Kapitan_Bayan"]
[Black "kuba2006"]
[Result "0-1"]
[WhiteElo "2215"]
[BlackElo "2541"]
[TimeControl "180+1"]
[EndTime "8:55:03 PDT"]
[Termination "kuba2006 won by checkmate"]

1. e4 Nf6 2. e5 Nd5 3. d4 d6 4. c4 Nb6 5. exd6 exd6 6. Nc3 Be7 7.
Bd3 O-O 8. Nge2 Bf6 9. O-O Nc6 10. Be3 d5 11. c5 Nc4 12. Bxc4 dxc4 13. d5 Nb4 14. a3 Nd3 15. b3 Bg4 16. f3 Re8 17.
Bd4 Bxd4+ 18. Nxd4 Qf6 19. Nce2 Bd7 20. bxc4 Nxc5 21.
Nc3 Re3 22. Ne4 Nxe4 23. fxe4 Qe5 24. Rb1 b6 25. Nf3 Qxe4 26. Ng5 Qxc4 27. Rxf7 Qc5 28.
Kh1 Rae8 29. Rxd7 Qb5 30. h3 Qxd7 31. Qh5 g6 32. Qh6 Re1+ 33. Rxe1 Rxe1+ 34. Kh2 Qd6+ 35. g3 Re2+ 36. Kh1 Qxd5+ 37. Kg1 Qg2# 0-1

[Event "Early-Titled-Tuesday-Blitz-September-12-2023"]
[Site "Chess.com"]
[Date "2023.09.12"]
[Round "5"]
[White "ajedrezhoy"]
[Black "MikeSailer"]
[Result "0-1"]
[WhiteElo "2401"]
[BlackElo "2181"]
[TimeControl "180+1"]
[EndTime "8:55:03 PDT"]
[Termination "MikeSailer won on time"]

1. c4 c6 2. Nf3 d5 3. e3 Nf6 4. Nc3 g6 5. d4 Bg7 6. Be2 O-O 7. O-O e6 8. Bd2 b6 9. Ne5 Bb7 10. Bd3 Nbd7 11. f4 Rc8 12. Be1 dxc4 13. Bxc4 Nd5 14. Qe2 Nxc3 15. bxc3 c5 16. g4 cxd4 17. cxd4 Nxe5 18. dxe5 Qc7 19. Bd3 Qc6 20. e4 Rfd8 21. Bb4 Bf8 22. Bxf8 Kxf8 23. Kf2 Qc5+ 24. Kg3 g5 25. Rad1 Rd4 26. Rc1 gxf4+ 27. Kxf4 Qxc1+ 28. Rxc1 Rxc1 29. Kg5 Rc3 30. Bb5 Rxe4 31. Qd2 Rf3 32.
Qd6+ Kg7 33. h4 Rff4 0-1

[Event "Early-Titled-Tuesday-Blitz-September-12-2023"]
[Site "Chess.com"]
[Date "2023.09.12"]
[Round "5"]
[White "Iskusnyh"]
[Black "DarZay"]
[Result "1-0"]
[WhiteElo "2626"]
[BlackElo "2258"]
[TimeControl "180+1"]
[EndTime "8:55:03 PDT"]
[Termination "Iskusnyh won by checkmate"]

1. d4 d5 2. c4 e6 3. Nf3 Be7 4.
g3 Nf6 5. Bg2 O-O 6. O-O dxc4 7.
Na3 Bxa3 8. bxa3 Nd5 9. Qc2 Nb6 10. Rd1 Bd7 11. Ng5 g6 12. Qe4 Bc6 13. Qh4 h5 14. e4 N8d7 15. g4 Qf6 16. gxh5 gxh5 17. Qxh5 Qg7 18. Be3 Nf6 19. Qh4 Qh8 20. Qg3 Qg7 21. Kh1 Nh5 22. Qh4 Qg6 23. Rg1 f6 24. Nxe6 Kf7 25.
d5 Rh8 26. Bf3 Qh7 27. Bxh5+ Qxh5 28. Rg7+ Ke8 29. Nxc7+ Kd8 30. Ne6+ Kc8 31. Qxh5 Rxh5 32. Rg8+ Kd7 33. Rxa8 Nxd5 34. Nc5+ Kd6 35. exd5 Rxd5 36.
Kg1 Rh5 37. Rd1+ Kc7 38. Ne6# 1-0

[Event "Early-Titled-Tuesday-Blitz-September-12-2023"]
[Site "Chess.com"]
[Date "2023.09.12"]
[Round "5"]
[White "MaxLeto"]
[Black "DavidLana1987"]
[Result "1-0"]
[WhiteElo "2396"]
[BlackElo "2586"]
[TimeControl "180+1"]
[EndTime "8:55:05 PDT"]
[Termination "MaxLeto won by resignation"]

1. g4 d5 2. Bg2 Bxg4 3. c4 e6 4. Qb3 Nd7 5. Qxb7 Rb8 6. Qxa7 Bc5 7. Qa4 Nf6 8. cxd5 exd5 9. d4 Bb4+ 10. Nc3 O-O 11.
Nf3 c5 12. Be3 Nb6 13. Qc2 Nc4 14. O-O Re8 15. Nd1 Bh5 16. dxc5 Bg6 17. Qc1 Ng4 18. a3 Ba5 19. b4 Bc7 20. Bg5 f6 21. Bf4 Rxe2 22. Nd4 Rd2 23. Bxd2 Bxh2+ 24. Kh1 Be5 25. Nc6 Qe8 26. Nxe5 fxe5 27. Bxd5+ Bf7 28. Qxc4 Bxd5+ 29. Qxd5+ Kh8 30. Qg2 Qe6 31. Ne3 Nf6 32. Bc3 Rf8 33. Rae1 Nh5 34. Nd5 Qh6 35. Kg1 Nf4 36. Nxf4 exf4 37.
Re7 Rg8 38. Rfe1 f3 39. Qxg7+ Qxg7+ 40. Bxg7+ Rxg7+ 41. Rxg7 Kxg7 42. c6 Kg6 43. c7 1-0